Map: Turbo Cruise '84 LE

Players

Adi

  • Race: Protoss Protoss
  • League: Master
  • Spawn Location: 7:00

Mez - Winner!

  • Race: Terran Terran
  • League: Master
  • Spawn Location: 3:00

VOD

Have the link to the VOD?

Description

Time

  • Played on: July 31, 2019, 12:19 a.m.
  • Length: 11:50
Show
View Real Time Build Order
Export as new Build Order

Adi Protoss 

Build Orders: Blink Stalkers 

Get SALT Encoding   

  12  0:00  Probe  
  13  0:13  Probe  
  14  0:18  Pylon  
  14  0:24  Probe  
  15  0:32  Probe  
  15  0:38  Gateway  
  16  0:44  Probe  
  16  0:45  Assimilator  
  17  0:55  Probe  
  18  1:03  Probe  
  18  1:11  Probe  
  20  1:18  Pylon  
  20  1:23  Probe  
  21  1:30  Zealot, Cybernetics Core  
  22  1:37  Probe  
  23  1:49  Probe  
  24  1:59  Stalker  
  24  2:02  Nexus  
  24  2:13  Probe  
  24  2:15  Warp Gate  
  27  2:20  Assimilator  
  27  2:25  Probe  
  28  2:33  Stalker  
  30  2:37  Probe  
  31  2:54  Probe  
  30  3:13  Twilight Council  
  30  3:14  Stalker, Gateway  
  30  3:15  Gateway  
  30  3:16  Probe  
  33  3:30  Probe x2  
  35  3:45  Probe  
  36  3:52  Probe  
  37  3:55  Probe  
  37  3:56  Blink  
  37  4:00  Probe  
  38  4:04  Robotics Facility  
  38  4:06  Pylon  
  39  4:19  Probe  
  38  4:24  Shield Battery  
  38  4:25  Stalker, Shield Battery  
  38  4:27  Stalker  
  38  4:28  Zealot  
  44  4:32  Probe x2  
  44  4:33  Gateway  
  46  4:46  Probe  
  46  4:47  Probe  
  46  4:51  Pylon  
  48  5:01  Sentry x2  
  48  5:05  Nexus  
  52  5:07  Pylon  
  52  5:09  Immortal, Probe  
  53  5:18  Probe  
  58  5:21  Probe  
  59  5:29  Pylon  
  59  5:30  Probe  
  59  5:33  Probe  
  61  5:42  Probe  
  62  5:46  Probe, Forge  
  62  5:48  Forge  
  63  5:50  Pylon  
  63  5:53  Assimilator  
  63  5:54  Probe  
  63  5:57  Charge  
  64  5:58  Probe, Assimilator  
  64  5:59  Protoss Ground Weapons Level 1  
  64  6:01  Immortal  
  69  6:06  Probe  
  69  6:10  Probe  
  71  6:18  Probe x2  
  72  6:22  Zealot x3, Probe  
  72  6:24  Zealot  
  82  6:27  Protoss Ground Armor Level 1  
  82  6:30  Probe  
  83  6:38  Probe  
  83  6:39  Probe  
  85  6:42  Probe  
  86  6:51  Probe x2  
  89  6:54  Probe  
  89  6:56  Robotics Bay  
  89  7:01  Gateway  
  89  7:02  Assimilator, Gateway  
  89  7:05  Assimilator  
  89  7:09  Zealot x3  
  89  7:10  Zealot  
  89  7:12  Probe x2  
  99  7:27  Pylon  
  99  7:29  Pylon  
  99  7:39  Shield Battery  
  99  7:42  Pylon  
  99  7:45  Colossus, Pylon  
  99  7:47  Shield Battery  
  99  7:48  Shield Battery  
  99  7:49  Photon Cannon  
  99  7:50  Photon Cannon  
  103  7:51  Sentry x2  
  103  7:52  Stalker x2  
  103  7:56  Extended Thermal Lance  
  112  8:07  Stalker x2  
  100  8:22  Stalker  
  100  8:23  Stalker x3  
  100  8:26  Probe  
  105  8:54  Templar Archives  
  105  8:58  Pylon  
  105  9:00  Pylon  
  105  9:05  Pylon  
  105  9:07  Colossus, Protoss Ground Armor Level 2  
  105  9:16  Probe x3  
  114  9:28  Probe x3  
  117  9:36  Stalker  
  117  9:37  Stalker x2  
  123  9:43  Probe  
  123  9:44  Probe  
  125  9:58  Probe  
  125  9:59  Probe x2  
  89  10:28  Zealot  
  89  10:29  Zealot x3, Stalker  
  86  10:38  Probe  
  74  11:00  Stalker x5  
  74  11:02  Probe  
  74  11:03  Probe  
  86  11:14  Probe  
  86  11:15  Probe  
  88  11:26  Probe  
  88  11:27  Stalker x2  
  88  11:28  Stalker, Probe, Pylon  
Show
View Real Time Build Order
Export as new Build Order

Mez Terran - Winner!

Build Orders: Reaper Expand 

Get SALT Encoding   

  12  0:01  SCV  
  13  0:13  SCV  
  14  0:18  Supply Depot  
  14  0:25  SCV  
  15  0:40  SCV, Barracks  
  16  0:45  Refinery  
  16  0:52  SCV  
  17  1:04  SCV  
  18  1:16  SCV  
  19  1:29  Reaper, Orbital Command  
  20  1:46  Command Center  
  19  2:02  SCV  
  19  2:03  Barracks  
  19  2:04  Barracks Reactor  
  20  2:15  Barracks  
  20  2:22  Supply Depot  
  20  2:25  SCV  
  21  2:37  SCV  
  21  2:41  Marine  
  21  2:43  Marine  
  24  2:53  Barracks Tech Lab  
  23  2:59  SCV, Marine  
  23  3:01  Marine  
  26  3:09  Marine  
  28  3:13  Concussive Shells  
  28  3:14  SCV, Marauder  
  28  3:17  Marine  
  31  3:20  Supply Depot  
  31  3:28  Marine  
  31  3:30  Orbital Command  
  31  3:34  SCV  
  33  3:36  Marine x2  
  33  3:37  Marauder  
  36  3:46  SCV  
  36  3:47  Engineering Bay  
  37  3:52  Marine  
  37  3:54  Marine  
  38  3:58  SCV  
  38  4:01  Marine x2  
  41  4:10  SCV  
  42  4:19  Marine x3  
  42  4:20  SCV  
  42  4:22  SCV  
  47  4:31  Terran Infantry Weapons Level 1  
  47  4:34  Stimpack  
  47  4:35  Command Center  
  47  4:38  Marine  
  47  4:40  SCV x2  
  47  4:44  Supply Depot  
  49  4:55  Missile Turret, Marine x3  
  52  5:02  Factory, SCV x2  
  54  5:10  Supply Depot  
  54  5:13  Refinery  
  54  5:14  Refinery, SCV  
  54  5:16  Barracks Tech Lab  
  54  5:18  Marine x3  
  60  5:28  SCV x2  
  60  5:38  Barracks  
  60  5:39  Barracks  
  60  5:40  SCV x2  
  62  5:44  Supply Depot  
  62  5:48  Factory Reactor  
  62  5:49  Starport  
  62  5:58  SCV x2  
  62  6:00  Marine x3, Marauder  
  69  6:10  SCV  
  69  6:11  SCV, Orbital Command  
  71  6:16  Supply Depot  
  71  6:24  SCV x2  
  73  6:29  Terran Infantry Armor Level 1, Combat Shield  
  73  6:34  Barracks Reactor, Barracks Tech Lab  
  73  6:36  SCV x2  
  75  6:48  Medivac x2  
  75  6:49  SCV x2  
  75  6:50  SCV  
  75  6:52  Marine, Marauder x2  
  75  6:53  Marine x2  
  89  7:00  Supply Depot  
  89  7:02  Supply Depot  
  89  7:04  SCV  
  89  7:05  SCV x2  
  92  7:10  Refinery  
  92  7:15  Marine x5  
  93  7:16  Marine x2  
  93  7:18  Medivac  
  93  7:22  SCV x3, Medivac  
  106  7:33  Marine, Supply Depot  
  106  7:34  SCV x2  
  106  7:36  Supply Depot  
  109  7:38  Armory  
  109  7:39  Engineering Bay  
  109  7:42  SCV  
  110  7:45  Marine, Marauder  
  110  7:46  Marauder x2  
  117  7:55  SCV, Marine  
  119  8:04  Marine x3  
  122  8:07  Marauder x2  
  126  8:13  Barracks x2  
  126  8:15  Barracks  
  126  8:26  Marine x4, Marauder  
  132  8:33  Marauder  
  131  8:38  Medivac x2  
  131  8:40  Terran Infantry Weapons Level 2  
  130  8:42  Terran Infantry Armor Level 2  
  128  8:49  Marine, Marauder x2  
  128  8:53  Command Center  
  133  9:02  Refinery  
  133  9:03  Refinery  
  133  9:04  Supply Depot  
  133  9:05  Marine x2  
  133  9:06  SCV x3  
  133  9:07  Supply Depot  
  138  9:10  Supply Depot  
  138  9:16  Marauder, Barracks Tech Lab x2  
  140  9:17  Barracks Tech Lab  
  140  9:24  SCV  
  140  9:26  SCV x2, Marauder x2  
  147  9:37  SCV  
  148  9:39  Marine x4, Marauder  
  148  9:40  Marauder  
  156  9:47  Marauder x2, Medivac x2  
  163  9:53  Ghost Academy  
  150  10:26  Marauder x2  
  149  10:35  Marine x4, Marauder x4  
  154  10:36  Medivac x2  
  153  10:47  Marauder  
  153  10:48  Marauder  
  150  10:53  Marine x2  
  150  10:56  Marauder x2  
  150  10:59  Marine x2, Marauder x2  
  154  11:08  Marine  
  154  11:09  Marauder  
  155  11:22  Marine x4, Marauder x4  
  164  11:27  Command Center  
Tags
 
Add a new tag
Caveats
  • Supply blocks, unpowered buildings, or Contaminate may cause inaccurate times.
  • Supply counts are checked every 10 seconds.